 Dungeon Crawl Stone Soup version 0.18-b1-18-g7758cf2 (webtiles) character file.

111 otab the Skirmisher (level 4, 0/42 HPs)
             Began as a Naga Fighter on May 2, 2016.
             Slain by otab's ghost (11 damage)
             ... on level 3 of the Dungeon.
             The game lasted 00:04:38 (2546 turns).

otab the Skirmisher (Naga Fighter)                  Turns: 2546, Time: 00:04:38

Health: 0/42       AC:  5    Str: 25    XL:     4   Next: 92%
Magic:  4/4        EV:  6    Int:  8    God:
Gold:   130        SH:  9    Dex: 10    Spells: 0 memorised, 3 levels left

rFire  . . .     SeeInvis +     a - +0 long sword
rCold  . . .     Gourm    .     b - +0 scale mail
rNeg   . . .     Faith    .     c - +0 shield
rPois  +         Spirit   .     (no helmet)
rElec  .         Dismiss  .     (no cloak)
rCorr  .         Reflect  .     (no gloves)
SustAt .         Harm     .     (no barding)
MR     .....                    (no amulet)
Stlth  ..........               (no ring)
                                (no ring)

@: mighty, very slow, not resistant to hostile enchantments, extremely
unstealthy
A: see invisible, deformed body, poison resistance, slowness 2, slow metabolism
1, spit poison 2, AC +1
a: Spit Poison


You were on level 3 of the Dungeon.
You were very hungry.

You visited 1 branch of the dungeon, and saw 3 of its levels.

You collected 130 gold pieces.

Inventory:

Hand Weapons
 a - a +0 long sword (weapon)
 v - a cursed -2 short sword
Armour
 b - a +0 scale mail (worn)
 c - a +0 shield (worn)
Jewellery
 m - an uncursed ring of protection from magic {unknown}
Scrolls
 e - 2 scrolls of teleportation {unknown}
 j - a scroll of remove curse {unknown}
 k - a scroll of enchant weapon {unknown}
 p - a scroll of noise {unknown}
 t - a scroll of magic mapping {unknown}
 u - a scroll of identify {unknown}
Potions
 g - a potion of invisibility {unknown}
 h - a potion of magic {unknown}
 i - a potion of heal wounds {unknown}
 n - 2 potions of ambrosia {unknown}
 o - a potion of haste {unknown}
 r - a potion of agility {unknown}
 s - a potion of resistance {unknown}
Books
 q - a book of Burglary

   Spells                             Type                      Level
   a - Swiftness                      Charms/Air                   2
   b - Passwall                       Transmutation/Earth          2
   c - Passage of Golubria            Translocation                4
   d - Lee's Rapid Deconstruction     Earth                        5
   e - Darkness                       Hexes                        6
   f - Invisibility                   Hexes                        6
Comestibles
 f - a bread ration
 l - a meat ration


   Skills:
 + Level 3.4 Fighting
 * Level 2.8 Long Blades
 + Level 3.1 Armour
 + Level 1.0 Dodging
 + Level 3.0 Shields


You had 3 spell levels left.
You didn't know any spells.

Dungeon Overview and Level Annotations

Branches:
Dungeon (3/15)

Altars:
Kikubaaqudgha
The Shining One

Annotations:
D:3 otab's ghost, amateur NaFi


Innate Abilities, Weirdness & Mutations

You cannot wear boots.
Your serpentine skin is tough (AC +1).
You have supernaturally acute eyesight.
Armour fits poorly on your strangely shaped body.
Your system is resistant to poisons.
You cover ground very slowly.
You have a slow metabolism.
You can spit poison.


Message History

You slash otab's ghost!
Otab's ghost is moderately damaged.
Otab's ghost hits you.
Your shield prevents you from hitting otab's ghost.
Otab's ghost is moderately damaged.
Otab's ghost hits you! Otab's ghost hits you.
You hit otab's ghost.
Otab's ghost is moderately damaged.
Otab's ghost hits you!
* * * LOW HITPOINT WARNING * * *
You are too injured to fight recklessly!
You are too injured to fight recklessly!
You are too injured to fight recklessly!
You hit otab's ghost but do no damage.
Otab's ghost is moderately damaged.
You block otab's ghost's attack.
Your shield and scale mail prevent you from hitting otab's ghost.
Otab's ghost is moderately damaged.
You block otab's ghost's attack. Otab's ghost hits you!
You die...

.. .. ##.# #.
... ... #.#
#..####.###
#.........#
#.......@.#
........W.#
#.......<.#####
#.....รท.......#
....####.####.##
### #)# ..# #.#
##.. #.##...
#.#..#


You could see otab's ghost.

Vanquished Creatures
  An orc wizard (D:3)
  2 oozes
  2 worms (D:2)
  4 dart slugs
  2 giant geckos
  2 orcs (D:3)
  5 goblins
  11 hobgoblins
  4 jackals (D:2)
  3 quokkas (D:2)
  4 bats
  4 giant newts
  8 kobolds
  6 rats
58 creatures vanquished.

Notes
Turn   | Place    | Note
--------------------------------------------------------------
     0 | D:1      | otab the Naga Fighter began the quest for the Orb.
     0 | D:1      | Reached XP level 1. HP: 21/21 MP: 1/1
    85 | D:1      | Reached XP level 2. HP: 28/28 MP: 2/2
   449 | D:1      | Reached XP level 3. HP: 26/34 MP: 3/3
  1581 | D:2      | Reached XP level 4. HP: 30/42 MP: 4/4
  1609 | D:2      | Found an ancient bone altar of Kikubaaqudgha.
  1741 | D:2      | Found a glowing golden altar of the Shining One.
  2151 | D:3      | Reached skill level 1 in Dodging
  2228 | D:3      | Noticed otab's ghost (amateur NaFi)
  2546 | D:3      | Slain by otab's ghost

Skill      XL: |  1  2  3  4 |
---------------+-------------+-----
Armour         | 3 |  3.1
Dodging        | 1 |  1.0
Shields        | 3 |  3.0
Fighting       | |  3.4
Long Blades    | |  2.8

Action                   |  1- 3 |  4- 6 || total
-------------------------+-------+-------++-------
Melee: Long sword        |   163 |    63 ||   226
 Abil: Spit Poison       |     1 |     2 ||     3
  Use: Potion            |       |     1 ||     1
  Eat: Chunk             |     1 |     2 ||     3
Armor: Scale mail        |    69 |    38 ||   107
Dodge: Dodged            |    49 |    14 ||    63
Block: Shield            |    92 |    31 ||   123
